 Dungeon Crawl Stone Soup version 0.28-a0-239-g68911e0c57 (webtiles) character file.

Game seed: 2707029074237074346

27 loansindi the Firebug (level 3, -2/24 HPs)
             Began as a Human Fire Elementalist on Aug 23, 2021.
             Slain by an adder (4 damage)
             ... on level 2 of the Dungeon.
             The game lasted 00:03:42 (1802 turns).

loansindi the Firebug (Human Fire Elementalist)     Turns: 1802, Time: 00:03:43

Health: -2/24      AC:  2    Str:  8    XL:     3   Next: 25%
Magic:  3/6        EV: 12    Int: 16    God:
Gold:   64         SH:  0    Dex: 13    Spells: 5/6 levels left

rFire   . . .      SeeInvis .   e - +0 short sword
rCold   . . .      Faith    .   (no shield)
rNeg    . . .      Spirit   .   a - +0 robe
rPois   .          Reflect  .   (no helmet)
rElec   .          Harm     .   (no cloak)
rCorr   .          Rampage  .   (no gloves)
Will    .....                   (no boots)
Stlth   ++........              (no amulet)
HPRegen 0.08/turn               i - ring of flight
MPRegen 0.10/turn               (no ring)

@: flying
A: no striking features
a: no special abilities


You were on level 2 of the Dungeon.
You visited 1 branch of the dungeon, and saw 2 of its levels.

You collected 64 gold pieces.

Inventory:

Hand Weapons
 e - a +0 short sword (weapon)
 g - a +0 whip of draining
Missiles
 c - 2 boomerangs
Armour
 a - a +0 robe (worn)
Jewellery
 i - a ring of flight (left hand)
 k - an amulet of regeneration
Scrolls
 d - a scroll of enchant armour {unknown}
 f - 4 scrolls of identify {unknown}
 h - a scroll of noise {unknown}
 l - a scroll of amnesia {unknown}
 m - a scroll of vulnerability {unknown}
 n - a scroll of teleportation {unknown}
Potions
 b - a potion of haste {unknown}
 j - a potion of heal wounds {unknown}


   Skills:
 + Level 0.2 Short Blades
 + Level 2.1 Dodging
 + Level 2.2 Stealth
 + Level 0.4 Unarmed Combat
 + Level 2.2 Spellcasting
 + Level 1.3 Conjurations
 + Level 3.5 Fire Magic


You had 5 spell levels left.
You knew the following spells:

 Your Spells              Type           Power      Damage    Failure   Level
a - Foxfire               Conj/Fire      36%        2x1d5     8%          1

Your spell library contained the following spells:

 Spells                   Type           Power      Damage    Failure   Level
 Conjure Flame            Conj/Fire      9%         6-21      22%         3
 Inner Flame              Hex/Fire       7%         N/A       30%         3
 Sticky Flame             Conj/Fire      9%         2d3       58%         4
 Fireball                 Conj/Fire      4%         3d4       91%         5


Dungeon Overview and Level Annotations

Branches:
Dungeon (2/15)

Altars:


Message History

Your foxfire dissipates!
The foxfire hits the adder.
The adder is moderately wounded.
The adder bites you. The bat barely misses you. The bat barely misses you.
You conjure some foxfire!
The bat hits you. The adder closely misses you.
The foxfire hits the bat.
The bat is heavily wounded.
The foxfire hits the bat.
You kill the bat!
The adder barely misses you. The adder bites you.
You are poisoned.
The adder poisons you!
You conjure some foxfire!
You feel sick. The adder bites you but does no damage.
You feel sick.
The foxfire hits the adder.
The adder is heavily wounded.
The foxfire hits the adder.
The adder is severely wounded.
The adder closely misses you.
You are too injured to fight recklessly!
You miss the adder.
The adder is severely wounded.
You feel sick. The adder bites you.
* * * LOW HITPOINT WARNING * * *
The adder closely misses you.
You miss the adder.
The adder is severely wounded.
You feel sick. The adder bites you.
* * * LOW HITPOINT WARNING * * *
You completely miss the adder.
The adder is severely wounded.
You feel sick. The adder closely misses you.
You hit the adder but do no damage.
The adder is severely wounded.
You feel sick.
You are no longer poisoned.
The adder closely misses you. The adder bites you.
You die...

#.# .#
#....<.......## #.#
#### ###.####.......
#.# ..### # #.###.##
#.### #.#.. #.# #.#
#...## #.#.# #.# #.#
####.#..###.#.# ...
#.# .............#.#
# ##>#.#.#
.#######+##..#.###(#
.#..#.# #...@....# #
# # #..S†....#
#.##.###.#
#.##.....#
#..#.###.# #..#.#
#.....# #.......
#.........


You could see an adder.

Vanquished Creatures
  A ball python (D:1)
  A bat (D:2)
  4 endoplasms (D:1)
  A giant cockroach (D:1)
  2 goblins
  4 hobgoblins (D:1)
  2 quokkas (D:1)
  2 frilled lizards
  3 kobolds (D:1)
  4 rats (D:1)
24 creatures vanquished.

Vanquished Creatures (others)
  79 foxfires
79 creatures vanquished.

Grand Total: 103 creatures vanquished

Notes
Turn   | Place    | Note
-------+----------+-------------------------------------------
     0 | D:1      | loansindi the Human Fire Elementalist began the quest for
                  | the Orb.
     0 | D:1      | Reached XP level 1. HP: 13/13 MP: 3/3
   361 | D:1      | Reached XP level 2. HP: 19/19 MP: 0/5
  1200 | D:1      | Reached XP level 3. HP: 24/24 MP: 1/6
  1714 | D:2      | Found a faded altar of an unknown god.
  1802 | D:2      | Slain by an adder

Illustrated notes

Levels and vault maps discovered:
D:1:      ncdulo_halloftheorcs, layout_basic, serial_corexii_hall,
          corexii_hall_statues_t, corexii_hall_statues_i
D:2:      layout_loops_ring, hellmonk_ecumenical_altar_lost_god, basic_altar,
          minivault_25

Action                   || total
-------------------------++-------
Melee: Unarmed           ||    11
       Short sword       ||     5
 Cast: Foxfire           ||    49
Armor: Robe              ||     2
Dodge: Dodged            ||    23

Table legend: (Time is in decaauts)
 A = Elapsed time spent in this place.
 B = Non-inter-level travel time spent in this place.
 C = Inter-level travel time spent in this place.
 D = Time resting spent in this place.
 E = Time spent auto-exploring this place.
 F = Levels seen in this place.
 G = Mean time per level.
                   A        B        C        D        E       F      G
               +--------+--------+--------+--------+--------+-----+--------+
         Total |   1801 |   1704 |     97 |      0 |   1467 |   2 |  900.5 |
       Dungeon |   1801 |   1704 |     97 |      0 |   1467 |   2 |  900.5 |
               +--------+--------+--------+--------+--------+-----+--------+

Top non-repeatable levels by time:
     D:1: 1656 daAuts
     D:2: 145 daAuts
